 Dungeon Crawl Stone Soup version 0.30-b1-2-g02819fbbbe (webtiles) character file.

Game seed: 8273625392814261116

56 Ashen the Ogre Mage (level 3, -1/33 HPs)
             Began as an Ogre Air Elementalist on Sept 10, 2023.
             Slain by a hound (2 damage)
             ... on level 2 of the Dungeon.
             The game lasted 00:03:37 (1567 turns).

Ashen the Ogre Mage (Ogre Air Elementalist)         Turns: 1567, Time: 00:03:38

Health: -1/33      AC:  3    Str: 12    XL:     3   Next: 95%
Magic:  7/7        EV: 15    Int: 18    God:
Gold:   127        SH:  0    Dex:  9    Spells: 2/8 levels left

rFire   . . .        j - +0 whip
rCold   . . .        (no shield)
rNeg    . . .        a - +0 robe
rPois   .            (helmet restricted)
rElec   .            e - scarf {+Inv}
rCorr   .            (gloves unavailable)
SInv    .            (boots unavailable)
Will    .....        (no amulet)
Stlth   +            k - +5 ring of evasion
HPRegen 0.25/turn    (no ring)
MPRegen 0.10/turn

%: no passive effects
@: no status effects
A: large, unfitting armour, tough skin 1
a: Evoke Invisibility


You were on level 2 of the Dungeon.
You visited 1 branch of the dungeon, and saw 3 of its levels.

You collected 127 gold pieces.

Inventory:

Hand Weapons
 j - a +0 whip (weapon)
 o - a +0 giant spiked club
Armour
 a - a +0 robe (worn)
 e - a scarf of invisibility (worn)
Jewellery
 k - a +5 ring of evasion (left hand)
Scrolls
 c - 3 scrolls of identify {unknown}
 h - a scroll of enchant weapon {unknown}
 m - a scroll of magic mapping {unknown}
 p - a scroll of teleportation {unknown}
Potions
 b - 2 potions of magic
 d - a potion of mutation {unknown}
 f - 2 potions of heal wounds {unknown}
 g - a potion of resistance {unknown}
 i - 2 potions of curing {unknown}
 l - a potion of attraction {unknown}
 n - a potion of lignification {unknown}


   Skills:
 + Level 1.4 Fighting
 + Level 2.1 Dodging
 - Level 1.4 Stealth
 * Level 3.4 Spellcasting
 + Level 1.4 Conjurations
 + Level 3.0 Air Magic


You had 2 spell levels left.
You knew the following spells:

 Your Spells              Type           Power      Damage    Failure   Level
a - Shock                 Conj/Air       44%        1d5       6%          1
b - Static Discharge      Conj/Air       22%        2-3/arc   10%         2
c - Swiftness             Air            14%        N/A       14%         3

Your spell library contained the following spells:

 Spells                   Type           Power      Damage    Failure   Level
 Apportation              Tloc           6%         N/A       16%         1
 Necrotise                Necr           12%        1d4       16%         1
 Summon Small Mammal      Summ           12%        N/A       16%         1
 Airstrike                Air            7%         2d(1-17)  41%         4


Dungeon Overview and Level Annotations

Branches:
Dungeon (3/15)

Altars:


Innate Abilities, Weirdness & Mutations

You are too large for most types of armour.
You have tough skin. (AC +1)


Message History

Things that are here:
a +0 dagger; a +0 robe; an orc corpse You see here a hobgoblin corpse.
There is a stone staircase leading down here.
Memorise Static Discharge, consuming 2 spell levels and leaving 5?
You start memorising the spell.
You continue memorising. x2
You finish memorising.
Spell assigned to 'b'.
This spell is quite dangerous to cast!
Memorise Swiftness, consuming 3 spell levels and leaving 2?
You start memorising the spell.
You continue memorising. x3
You finish memorising.
Spell assigned to 'c'.
Okay, then.
You start resting.
HP restored.
You start resting.
Magic restored.
You climb downwards.
You hear the sound of rushing water.
There is an entrance to a sewer on this level.
Hurry and find it before the portal rusts away!
The orc closely misses you. x3; The river rat completely misses you.
There is a stone staircase leading up here.
The hound closely misses you. The orc barely misses you.
The orc closely misses you.
The orc hits you with a +3 hand axe of flaming.
The orc burns you. The river rat barely misses you.
The hound closely misses you.
You climb upwards.
There is a stone staircase leading down here.
The orc barely misses you. The river rat misses you.
The hound attacks as you move away! The hound barely misses you.
The river rat attacks as you move away! The river rat bites you!
The orc hits you with a +3 hand axe of flaming!
The orc burns you. The hound completely misses you.
The hound attacks as you move away! The hound barely misses you.
The orc misses you. The river rat bites you!
* * * LOW HITPOINT WARNING * * *
The orc hits you with a +0 whip.
* * * LOW HITPOINT WARNING * * *
The river rat misses you. The hound bites you.
You die...

########### ######### #.........#
#........ #.........# #........
########### #.........# #........
..........# #.........# #........
..........# #....[....###........
..........# #..........##........
..........###..h.................
....)......##.or@.....#>#........
#....#####.##>.o......#.#........
###....###.[†..o#................
##.......####.........#..####.#
##.#..##..............##.####..
#.........##.##.......##.......
#........##..##.......########.
#..................##........#. #
#........####................#.


You could see a hound, a river rat and 3 orcs.

Vanquished Creatures
  An orc wizard (D:2)
  An adder (D:2)
  3 endoplasms (D:2)
  A giant cockroach (D:1)
  5 hobgoblins (D:2)
  2 kobolds
  A quokka (D:1)
  A ball python (D:1)
  2 bats
  2 frilled lizards (D:1)
  A rat (D:2)
20 creatures vanquished.

Notes
Turn   | Place    | Note
-------+----------+-------------------------------------------
     0 | D:1      | Ashen the Ogre Air Elementalist began the quest for the
                  | Orb.
     0 | D:1      | Reached XP level 1. HP: 16/16 MP: 3/3
   397 | D:1      | Reached skill level 1 in Conjurations
   494 | D:1      | Reached XP level 2. HP: 26/26 MP: 2/5
   994 | D:2      | Reached skill level 1 in Fighting
  1130 | D:2      | Reached XP level 3. HP: 33/33 MP: 4/7
  1530 | D:2      | Learned a level 2 spell: Static Discharge
  1534 | D:2      | Learned a level 3 spell: Swiftness
  1567 | D:2      | HP: 1/33 [orc/+0 whip (6)]
  1567 | D:2      | Slain by a hound

Illustrated notes

Levels and vault maps discovered:
D:1:      lightli_arrival_flooded_house, layout_basic
D:2:      layout_rooms
D:3:      layout_basic, lightli_sewer_entry_pipes,
          minmay_fractal_squares_gapless_5

Skill      XL: |  1  2  3 |
---------------+----------+-----
Conjurations   | 1 |  1.4
Fighting       | 1 |  1.4
Dodging        | 2 |  2.1
Spellcasting   | 3 |  3.4
Air Magic      | 3 |  3.0
Stealth        | |  1.4

Action                     || total
---------------------------++-------
  Melee: Unarmed           ||     7
         Whip              ||     8
   Cast: Shock             ||    39
   Stab: Sleeping          ||     1
 Armour: Robe              ||     8
  Dodge: Dodged            ||    42
